 Dungeon Crawl Stone Soup version 0.16-b1 (webtiles) character file.

14 RobertPalmer the Stinger (level 2, -1/17 HPs)
             Began as an Octopode Venom Mage on Mar 14, 2015.
             Slain by a kobold
             ... wielding a +0 whip
              (4 damage)
             ... on level 1 of the Dungeon.
             The game lasted 00:01:03 (749 turns).

RobertPalmer the Stinger (Octopode Venom Mage)       Turns: 749, Time: 00:01:03

Health: -1/17      AC:  1    Str:  7    XL:     2   Next: 41%
Magic:  4/4        EV: 12    Int: 17    God:
Gold:   44         SH:  0    Dex: 12    Spells: 1 memorised, 4 levels left

rFire  . . .     SeeInvis .     (no weapon)
rCold  . . .     Clarity  .     (no shield)
rNeg   . . .     SustAb   .     (helmet restricted)
rPois  .         Gourm    .     (no amulet)
rElec  .         Spirit   .     (no ring)
rCorr  .         Warding  .     (no ring)
rMut   .         Stasis   .     (no ring)
MR     .....                    (no ring)
Stlth  +++.......               (no ring)
                                (no ring)
                                (no ring)
                                (no ring)

@: not resistant to hostile enchantments, fairly stealthy
A: almost no armour, amphibious, 8 rings, constrict 8, camouflage 1, gelatinous
body 1
a: no special abilities


You were on level 1 of the Dungeon.
You were not hungry.

You visited 1 branch of the dungeon, and saw 1 of its levels.

You collected 44 gold pieces.

Inventory:

Scrolls
 a - a scroll of fog {unknown}
 e - a scroll of enchant weapon {unknown}
 g - a scroll of identify {unknown}
 i - a scroll of blinking {unknown}
Potions
 d - 3 potions of heal wounds {unknown}
Books
 b - a Young Poisoner's Handbook
Comestibles
 c - a bread ration
 l - 2 chunks of flesh


   Skills:
 + Level 2.2 Dodging
 + Level 2.9 Stealth
 + Level 2.2 Spellcasting
 + Level 5.0 Poison Magic


You had 4 spell levels left.
You knew the following spells:

 Your Spells              Type           Power        Failure   Level  Hunger
a - Sting                 Conj/Pois      ##..         10%         1    #......


Dungeon Overview and Level Annotations

Branches:
Dungeon (1/15)

Altars:


Innate Abilities, Weirdness & Mutations

You cannot wear most types of armour.
You are amphibious.
You can wear up to eight rings at the same time.
You can use your tentacles to constrict many enemies at once.
Your skin changes colour to match your surroundings (Stealth).
Your rubbery body absorbs attacks (AC +1).


Message History

You butcher the hobgoblin corpse.
l - a chunk of flesh You see here a hobgoblin skeleton.
Drop what? 12/52 slots (_ for help) (? for menu, Esc to quit)
You drop a club.
You drop a spear.
You drop a dagger.
You drop a whip.
You drop a spear.
You drop a club.
The helpless kobold fails to defend itself.
You tentacle-slap the kobold.
You kill the kobold!
A rat comes into view.
A giant gecko comes into view.
You see here 11 gold pieces.
You see here 11 gold pieces.
You now have 44 gold pieces (gained 11).
You tentacle-slap the rat. Your grab misses the rat.
The rat is moderately wounded.
The rat bites you.
You tentacle-slap the rat but do no damage.
Your grab misses the rat. You squeeze the rat.
You kill the rat!
You see here a rat corpse.
You see here a rat corpse.
You butcher the rat corpse.
l - 2 chunks of flesh (gained 1)
a - a scroll labeled THOOJ GAUHIH
Casting: Sting
Confirm with . or Enter, or press ? or * to list all spells.
Aiming: Sting
Press: ? - help, Shift-Dir - straight line, f - giant gecko
Aim: a giant gecko (resting)
The sting hits the giant gecko.
The giant gecko is poisoned.
The giant gecko is lightly wounded.
The giant gecko hisses menacingly.
The giant gecko barely misses you.
You barely miss the giant gecko. Your grab misses the giant gecko.
Your squeeze misses the giant gecko.
The giant gecko is severely wounded.
The giant gecko closely misses you. x2
You closely miss the giant gecko. You grab the giant gecko.
The giant gecko is severely wounded.
You constrict the giant gecko.
You kill the giant gecko!
An ooze comes into view.
An ooze is nearby!
The ooze quivers.
You tentacle-slap the ooze.
The ooze is lightly wounded.
The ooze hits you.
You tentacle-slap the ooze but do no damage.
The ooze is lightly wounded.
The ooze misses you.
You tentacle-slap the ooze.
The ooze is lightly wounded.
The ooze barely misses you.
You tentacle-slap the ooze.
The ooze is lightly wounded.
You barely miss the ooze. You squeeze the ooze.
The ooze is moderately wounded.
The ooze barely misses you.
You tentacle-slap the ooze.
The ooze is moderately wounded.
The ooze hits you.
You barely miss the ooze.
The ooze is moderately wounded.
The ooze barely misses you.
You tentacle-slap the ooze.
The ooze is heavily wounded.
The ooze hits you.
You tentacle-slap the ooze.
The ooze is severely wounded.
You tentacle-slap the ooze.
The ooze is severely wounded.
The ooze hits you.
You barely miss the ooze.
The ooze is severely wounded.
The ooze hits you.
* * * LOW HITPOINT WARNING * * *
You tentacle-slap the ooze but do no damage.
Your squeeze misses the ooze.
The ooze is severely wounded.
The ooze jiggles.
The ooze closely misses you.
You barely miss the ooze.
The ooze is severely wounded.
The ooze hits you but does no damage.
A kobold comes into view. It is wielding a whip.
e - a scroll labeled CEPRAJ CIGRUP
There are no items here.
The kobold shouts!
The kobold hits you but does no damage. The kobold hits you with a whip.
* * * LOW HITPOINT WARNING * * *
You see here 2 viscous golden potions.
You closely miss the kobold. Your grab misses the kobold.
Your squeeze misses the kobold. The kobold hits you with a whip.
You die...

#### #..#........
....#####.##........
#.......##........
##......#..#..###. #.
###.................
#..##...##.........#####
##.......#.#.....##...J.
#.......K..J........####
#......@.....###...##
#........##..# ###...#
#.#.........## ###..##
#.......##### ####
###......# ##########..
#...##...##.....'.....
#####..#
##........'..... #...#..
#.....'..... #.....#
#...>#####..


You could see an ooze and a kobold.

Vanquished Creatures
  A giant gecko (D:1)
  4 bats (D:1)
  A giant cockroach (D:1)
  A goblin (D:1)
  2 hobgoblins (D:1)
  A giant newt (D:1)
  A kobold (D:1)
  A rat (D:1)
12 creatures vanquished.

Notes
Turn   | Place    | Note
--------------------------------------------------------------
     0 | D:1      | RobertPalmer, the Octopode Venom Mage, began the quest for the Orb.
     0 | D:1      | Reached XP level 1. HP: 11/11 MP: 3/3
   300 | D:1      | Reached skill level 5 in Poison Magic
   476 | D:1      | Reached XP level 2. HP: 10/17 MP: 4/4
   703 | D:1      | HP: 4/17 [ooze (4)]
   748 | D:1      | HP: 3/17 [kobold/whip (3)]
   749 | D:1      | Slain by a kobold

Action                   || total
-------------------------++-------
Melee: Unarmed           ||    42
 Cast: Sting             ||     4
 Stab: Sleeping          ||     2

Vault maps used:
D:1:      lemuel_arrival_funnel, minmay_misc_feat_tiny, minmay_tree_intersection

Table legend:
 A = Turns spent in this place as a percentage of turns spent in the entire game.
 B = Non-inter-level travel turns spent in this place as a percentage of non-inter-level travel turns spent in the entire game.
 C = Inter-level travel turns spent in this place as a percentage of turns spent in this place.
 D = Turns resting spent in this place as a percentage of non-inter-level travel turns spent in this place.
 E = Turns spent auto-exploring this place as a percentage of non-inter-level travel turns spent in this place.
 F = Non-inter-level travel turns spent in this place divided by the number of levels of this place that you've seen.
                   A       B       C       D       E      F
               +-------+-------+-------+-------+-------+----------------------
         Total | 100.0 | 100.0 |   0.0 |   3.3 |   5.4 | 240.0
       Dungeon | 100.0 | 100.0 |   0.0 |   3.3 |   5.4 | 240.0
               +-------+-------+-------+-------+-------+----------------------

Table legend:
 A = Kills in this place as a percentage of kills in entire the game.
 B = Kills by you in this place as a percentage of kills by you in the entire game.
 C = Kills by friends in this place as a percentage of kills by friends in the entire game.
 D = Other kills in this place as a percentage of other kills in the entire game.
 E = Experience gained in this place as a percentage of experience gained in the entire game.
 F = Experience gained in this place divided by the number of levels of this place that you have seen.
                   A       B       C       D       E      F
               +-------+-------+-------+-------+-------+----------------------
         Total | 100.0 | 100.0 |  -nan |  -nan | 100.0 |  20.0
       Dungeon | 100.0 | 100.0 |  -nan |  -nan | 100.0 |  20.0
               +-------+-------+-------+-------+-------+----------------------
